AoeStats
← Nougatspeier

MegaRandom

508055322Analyzed
3v3 RM · 13d ago on Sep 20, 2026· 54m 9s· 6 players
Game mode
Random Map
Map size
Normal (6 player)
Population
200
Speed
Normal
Resources
Standard
Victory
Conquest
Starting age
Dark Age
Ending age
Imperial Age
RankedLock teamsTeams togetherTeam positionsShared explorationLock speedFull tech treeHidden civsTurbo modeCheats
Victory
Defeat
🇩🇪 Vietnamese · Germany
976
+16
🇧🇪 Portuguese · Belgium
930
+17
🇩🇪 Franks · Germany
905
+44
🇩🇪 Franks · Germany
1000
-55
🇩🇪 Koreans · Germany
972
-18
🇩🇪 Aztecs · Germany
915
-15
Tobi97
12:57 Feudal Age
13:22 Double-Bit Axe
13:38 Horse Collar
20:25 Castle Age
18:43 Padded Archer Armor
19:24 Fletching
21:39 Wheelbarrow
20:49 Town Watch
20:49 Loom
22:12 Hand Cart
21:23 Crossbowman
22:36 Bow Saw
24:31 Heavy Plow
25:24 Thumb Ring
25:16 Bodkin Arrow
26:57 Stone Mining
27:00 Gold Mining
28:54 Leather Archer Armor
29:39 Ballistics
29:29 Stone Mining
29:42 Town Patrol
34:51 Imperial Age
33:03 Pikeman
33:44 Squires
33:30 Arson
33:47 Scale Mail Armor
33:57 Forging
34:52 Arbalester
35:34 Bracer
36:48 Chemistry
37:21 Two-Man Saw
36:08 Halberdier
37:59 Ring Archer Armor
37:45 Chain Mail Armor
38:24 Crop Rotation
NeedleSnake1
9:19 Loom
12:48 Feudal Age
14:20 Double-Bit Axe
17:12 Castle Age
15:31 Horse Collar
16:16 Fletching
16:45 Gold Mining
18:51 Bow Saw
18:44 Pikeman
23:32 Wheelbarrow
24:09 Town Watch
24:47 Crossbowman
26:19 Bodkin Arrow
27:04 Stone Mining
27:16 Padded Archer Armor
29:30 Leather Archer Armor
31:14 Hand Cart
34:24 Imperial Age
32:06 Forging
32:20 Caravan
34:25 Heavy Plow
35:15 Arquebus
36:56 Conscription
36:24 Elite Organ Gun
37:49 Ballistics
44:22 Two-Man Saw
44:36 Scale Barding Armor
45:08 Iron Casting
45:20 Light Cavalry
46:37 Bloodlines
48:16 Blast Furnace
47:39 Chain Barding Armor
48:21 Husbandry
53:18 Plate Barding Armor
Chrismann
10:58 Feudal Age
12:27 Wheelbarrow
11:41 Double-Bit Axe
14:39 Gold Mining
16:33 Loom
20:06 Stone Mining
23:40 Castle Age
22:18 Forging
21:58 Fletching
23:13 Scale Mail Armor
24:38 Hand Cart
24:37 Bow Saw
24:09 Pikeman
30:27 Bodkin Arrow
32:07 Iron Casting
32:28 Town Watch
32:51 Scale Barding Armor
35:41 Gold Shaft Mining
36:12 Chain Barding Armor
40:42 Imperial Age
42:56 Blast Furnace
41:23 Cavalier
43:09 Chain Mail Armor
43:30 Plate Barding Armor
42:19 Halberdier
45:08 Husbandry
45:42 Plate Mail Armor
49:07 Paladin
Marian
4:59 Loom
11:07 Feudal Age
17:35 Double-Bit Axe
22:05 Man-at-Arms
22:31 Arson
25:16 Castle Age
24:24 Horse Collar
27:46 Wheelbarrow
27:07 Gold Mining
27:07 Stone Mining
28:47 Heavy Plow
29:11 Bow Saw
29:19 Squires
31:16 Long Swordsman
33:33 Hand Cart
33:32 Gambesons
35:29 Scale Mail Armor
35:40 Forging
35:18 Pikeman
35:21 Eagle Warrior
37:03 Gold Shaft Mining
37:03 Stone Shaft Mining
39:09 Atlatl
38:38 Elite Skirmisher
45:34 Imperial Age
45:43 Two-Handed Swordsman
49:05 Champion
VamP
10:02 Feudal Age
11:07 Loom
23:32 Castle Age
22:18 Scale Mail Armor
22:39 Forging
22:03 Man-at-Arms
29:41 Pikeman
30:27 Squires
31:23 Iron Casting
36:59 Long Swordsman
37:29 Gambesons
44:17 Imperial Age
43:30 Chain Mail Armor
Nougatspeier
11:24 Feudal Age
10:49 Loom
18:25 Castle Age
17:18 Horse Collar
26:41 Double-Bit Axe
27:48 Bow Saw
28:47 Heavy Plow
30:31 Wheelbarrow
29:52 Town Watch
33:52 Imperial Age
32:23 Hand Cart
32:11 Town Patrol
33:51 Fletching
35:57 Elite War Wagon
36:43 Bodkin Arrow
45:45 Squires
45:06 Pikeman
45:31 Gambesons
47:38 Man-at-Arms
48:30 Long Swordsman
48:46 Halberdier
49:55 Scale Mail Armor
50:05 Forging
51:18 Chain Mail Armor
Connection lost

Rejoining the realm…

Still unreachable

The connection could not be restored.

Session expired

The server has moved on; the page needs a fresh start.